 Dungeon Crawl Stone Soup version 0.31-a0-845-g9abc20d24f (webtiles) character file.

Game seed: 1116339257277867129

71 Kurtz the Chopper (level 4, -2/31 HPs)
             Began as an Octopode Fighter on Oct 2, 2023.
             Slain by a gnoll
             ... wielding a +0 club
              (6 damage)
             ... on level 2 of the Dungeon.
             The game lasted 00:00:36 (968 turns).

Kurtz the Chopper (Octopode Fighter)                 Turns: 968, Time: 00:00:37

Health: -2/31      AC:  1    Str: 17    XL:     4   Next: 24%
Magic:  4/4        EV: 13    Int: 10    God:
Gold:   65         SH:  4    Dex: 11    Spells: 3/3 levels left

rFire   . . .        a - +0 war axe
rCold   . . .        b - +0 buckler
rNeg    . . .        (helmet restricted)
rPois   .            (no amulet)
rElec   .            (no ring)
rCorr   .            (no ring)
SInv    .            (no ring)
Will    .....        (no ring)
Stlth   ++           (no ring)
HPRegen 0.25/turn    (no ring)
MPRegen 0.09/turn    (no ring)
                     (no ring)

%: no passive effects
@: no status effects
A: almost no armour, amphibious, 8 rings, camouflage 1, gelatinous body 1,
(nimble swimmer 1), tentacles
a: no special abilities


You were on level 2 of the Dungeon.
You visited 1 branch of the dungeon, and saw 2 of its levels.

You collected 65 gold pieces.

Inventory:

Hand Weapons
 a - a +0 war axe (weapon)
Missiles
 i - 2 throwing nets
Armour
 b - a +0 buckler (worn)
Jewellery
 j - a ring of wizardry
Scrolls
 d - a scroll of teleportation {unknown}
 e - a scroll of enchant weapon {unknown}
 g - a scroll of brand weapon {unknown}
Potions
 c - a potion of might
 f - a potion of brilliance {unknown}
 h - a potion of curing {unknown}


   Skills:
 - Level 3.0 Fighting
 * Level 4.4 Axes
 - Level 3.0 Dodging
 - Level 3.0 Shields


You had 3 spell levels left.
You didn't know any spells.
Your spell library contained the following spells:

 Spells                   Type           Power      Damage    Failure   Level
 Necrotise                Necr           0%         1d4       43%         1
 Vampiric Draining        Necr           0%         2d6       82%         3
 Agony                    Necr           0%         N/A       100%        5


Dungeon Overview and Level Annotations

Branches:
Dungeon (2/15)

Altars:


Innate Abilities, Weirdness & Mutations

You cannot wear most types of armour.
You are amphibious.
You can wear up to eight rings at the same time.
Your skin changes colour to match your surroundings (Stealth+).
Your rubbery body absorbs attacks. (AC +1, EV +1)
((You are camouflaged when in or above water. (Stealth+)))
You have tentacles for arms and can constrict up to eight enemies at once.


Message History

Unknown command.
You barely miss the gnoll. Your grab misses the gnoll. You hit the gnoll.
The gnoll misses you. You block the gnoll's attack.
Unknown command.
You barely miss the gnoll. Your grab misses the gnoll.
Your squeeze misses the gnoll.
The gnoll is heavily wounded.
You barely miss the gnoll. The gnoll closely misses you.
The gnoll hits you with a +0 club!
You hit the gnoll. Your grab misses the gnoll. Your squeeze misses the gnoll.
The gnoll is severely wounded.
You barely miss the gnoll. You hit the gnoll.
The gnoll hits you with a +0 whip! The gnoll closely misses you.
The gnoll barely misses you.
Unknown command.
You are too injured to fight recklessly!
Unknown command.
You are too injured to fight recklessly!
Unknown command.
You are too injured to fight recklessly!
You slash the gnoll!
You kill the gnoll!
You closely miss the gnoll. You slash the gnoll!
You kill the gnoll!
The gnoll hits you with a +0 club!
* * * LOW HITPOINT WARNING * * *
The gnoll closely misses you.
You have reached level 4!
You slash the gnoll! Your grab misses the gnoll.
The gnoll is heavily wounded.
The gnoll barely misses you.
Unknown command.
You barely miss the gnoll. You grab the gnoll.
The gnoll is heavily wounded.
You constrict the gnoll. You block the gnoll's attack.
You hit the gnoll.
The gnoll is almost dead.
You constrict the gnoll. The gnoll closely misses you.
The gnoll hits you with a +0 club.
You die...

## #. #.#############
#.#............
#.....$...... .
#.)........
....#g@#...#.##########
......))...<............
...#.##$#$###.######....
. .. ...#...#.# #)###
..##.##.###.#.# #.#.. .
.. #.# .#.# #.... .# #.#
#.# ###.. #.. #.# #....
## #.# #.###


You could see a gnoll.

Vanquished Creatures
  3 gnolls (D:2)
  An adder (D:2)
  A worm (D:2)
  A bat (D:1)
  5 endoplasms (D:1)
  A giant cockroach (D:1)
  6 goblins
  2 hobgoblins (D:1)
  3 kobolds (D:1)
  A quokka (D:1)
  6 rats
30 creatures vanquished.

Notes
Turn   | Place    | Note
-------+----------+-------------------------------------------
     0 | D:1      | Kurtz the Octopode Fighter began the quest for the Orb.
     0 | D:1      | Reached XP level 1. HP: 16/16 MP: 1/1
   145 | D:1      | Reached XP level 2. HP: 11/21 MP: 2/2
   305 | D:1      | Reached skill level 3 in Axes
   471 | D:1      | Reached XP level 3. HP: 26/26 MP: 3/3
   960 | D:2      | Reached skill level 4 in Axes
   966 | D:2      | Reached XP level 4. HP: 3/31 MP: 4/4
   968 | D:2      | Slain by a gnoll

Illustrated notes

Levels and vault maps discovered:
D:1:      nzn_arrival_depleted_hourglass, layout_basic, serial_aquarium,
          aquarium_bridge_long_separate [aquarium_subvault_wall,
          aquarium_subvault_bridge, aquarium_subvault_bridge,
          aquarium_subvault_balcony, aquarium_subvault_bridge,
          aquarium_subvault_bridge], aquarium_window_1, aquarium_window_1,
          aquarium_window_1, aquarium_view_2e, aquarium_view_2g
D:2:      layout_basic, chequers_jeans

Skill      XL: |  1  2  3 |
---------------+----------+-----
Axes           | 3 4 |  4.4
Fighting       | |  3.0
Dodging        | |  3.0
Shields        | |  3.0

Action                     |  1- 3 |  4- 6 || total
---------------------------+-------+-------++-------
  Melee: War axe           |    49 |     3 ||    52
         Constrict         |    12 |     1 ||    13
         Tentacles         |     9 |       ||     9
   Stab: Sleeping          |     7 |       ||     7
 Armour: Skin              |    15 |     1 ||    16
  Dodge: Dodged            |    26 |     2 ||    28
  Block: Buckler           |     9 |     1 ||    10

Table legend: (Time is in decaauts)
 A = Elapsed time spent in this place.
 B = Non-inter-level travel time spent in this place.
 C = Inter-level travel time spent in this place.
 D = Time resting spent in this place.
 E = Time spent auto-exploring this place.
 F = Levels seen in this place.
 G = Mean time per level.
                   A        B        C        D        E       F      G
               +--------+--------+--------+--------+--------+-----+--------+
         Total |    987 |    965 |     22 |     25 |    743 |   2 |  493.5 |
       Dungeon |    987 |    965 |     22 |     25 |    743 |   2 |  493.5 |
               +--------+--------+--------+--------+--------+-----+--------+

Top non-repeatable levels by time:
     D:1: 838 daAuts
     D:2: 149 daAuts
